AoeStats
← Dieguin

Arabia

509966892Analyzed
1v1 RM · 4d ago on Sep 28, 2026· 24m 21s· 2 players
Game mode
Random Map
Map size
Tiny (2 player)
Population
200
Speed
Normal
Resources
Standard
Victory
Conquest
Starting age
Dark Age
Ending age
Imperial Age
RankedLock teamsTeams togetherTeam positionsShared explorationLock speedFull tech treeHidden civsTurbo modeCheats
Victory
Defeat
🇨🇴 Cumans · Colombia
749
+17
🇺🇸 Lithuanians · United States
760
-17
Dieguin
7:15 Loom
10:11 Feudal Age
10:50 Double-Bit Axe
Kill2Death7428
9:16 Feudal Age
15:50 Castle Age
15:48 Double-Bit Axe
17:43 Fervor
17:57 Loom
22:48 Scale Barding Armor
Connection lost

Rejoining the realm…

Still unreachable

The connection could not be restored.

Session expired

The server has moved on; the page needs a fresh start.